 Dungeon Crawl Stone Soup version bcrawl-1.38.1 (webtiles) character file.

Game seed: 127709821394592810

140178 Morbidden the Ducker (level 4, 0/41 HPs)
             Began as a Troll Archaeologist on Mar 30, 2023.
             Slain by an orc
             ... wielding a +0 war axe
              (4 damage)
             ... on level 3 of the Dungeon.
             The game lasted 00:01:58 (1499 turns).

Morbidden the Ducker (Troll Archaeologist)          Turns: 1499, Time: 00:01:59

Health: 0/41       AC:  6    Str: 19    XL:     4   Next: 12%
Magic:  3/3        EV: 10    Int: 12    God:
Gold:   211        SH:  0    Dex:  8    Spells: 3/3 levels left

rFire    + . .     GDR:     24%   - Claws (13.2)
rCold    . . .     SeeInvis .   (no shield)
rNeg     . . .     Gourm    +   (armour unavailable)
rPois    .         Faith    .   s - +1 hat
rElec    .         Spirit   .   (no cloak)
rCorr    .         Reflect  .   (gloves unavailable)
MR       .....                  (boots unavailable)
Stlth    ++........             (no amulet)
HPRegen  0.56/turn              q - ring of protection from fire (curse)
MPRegen  0.08/turn              (no ring)

@: hasted, very quick
A: large, almost no armour, claws 3, fast metabolism 3, gourmand, regeneration
1, AC +5
a: no special abilities


You were on level 3 of the Dungeon.
You were very full.

You visited 1 branch of the dungeon, and saw 3 of its levels.

You collected 211 gold pieces.

Inventory:

Hand Weapons
 b - a +0 blowgun
Missiles
 a - 572 stones (quivered)
 d - 6 curare-tipped needles
 k - 97 poisoned tomahawks
 l - 394 sling bullets
Armour
 s - a +1 hat (worn)
Jewellery
 m - a cursed ring of insulation
 q - a cursed ring of protection from fire (left claw)
Scrolls
 g - 2 scrolls of magic mapping
 h - 4 scrolls of remove curse {unknown}
 i - a scroll of identify
 j - a scroll of enchant weapon {unknown}
 n - a scroll of fear {unknown}
 p - a scroll of teleportation {unknown}
Potions
 c - 2 potions of haste
 r - 2 potions of curing {unknown}
Miscellaneous
 f - a dusty tome
Comestibles
 e - 8 rations {!d}


   Skills:
 * Level 1.1 Fighting
   Level 1.0 Maces & Flails
 * Level 0.7 Throwing
 * Level 3.1 Dodging
 + Level 1.9 Stealth
 * Level 1.4 Unarmed Combat
 * Level 0.4 Spellcasting
 * Level 0.5 Evocations


You had 3 spell levels left.
You didn't know any spells.
Your spell library was empty.

Dungeon Overview and Level Annotations

Branches:
Dungeon (3/12)

Altars:

Annotations:
D:2 1 runed door


Innate Abilities, Weirdness & Mutations

You cannot wear most types of armour.
Your thick skin is tough. (AC +5)
You are too large for most types of armour.
You have claws for hands.
Your metabolism is lightning-fast.
You like to eat raw meat.
Your natural rate of healing is unusually fast.


Message History

You throw a stone. The stone closely misses the orc.
No path to travel!
Throwing (i - inventory. (/) - cycle)
a - 574 stones (quivered)
Press: ? - help, Shift-Dir - straight line, f/p - orc
Aim: an orc, wielding a +0 war axe and wearing a +0 leather armour You throw a stone.
The stone barely misses the orc.
No path to travel!
Throwing (i - inventory. (/) - cycle)
a - 573 stones (quivered)
Press: ? - help, Shift-Dir - straight line, f/p - orc
Aim: an orc, wielding a +0 war axe and wearing a +0 leather armour You throw a stone.
The stone hits the orc but does no damage.
No path to travel!
You barely miss the orc. The orc hits you with a +0 war axe.
* * * LOW HITPOINT WARNING * * *
You closely miss the orc. You scratch the orc.
The orc is moderately wounded.
The orc hits you with a +0 war axe.
You die...

## ## #.## #.# .).
#.##<###.# #.... #
#.....#..# #.... .#
######.# #.##. .# #@#
#.##)##..# ###o# #.#
.[#..# ##.#.#
##.###....#
####....#####.........##
+.......................
####...[.####.........##
##.##.# #>###...#.#
####.# #.# #.###.# #.#
#.# #.# #


You could see an orc.

Vanquished Creatures
  A jelly (D:3)
  2 oozes
  A worm (D:2)
  2 leopard geckos
  3 giant cockroaches
  6 hobgoblins
  A jackal (D:1)
  3 kobolds
  4 quokkas (D:2)
  2 bats (D:2)
  2 frilled lizards
  2 goblins (D:1)
  3 rats
32 creatures vanquished.

Notes
Turn   | Place    | Note
-------+----------+-------------------------------------------
     0 | D:1      | Morbidden the Troll Archaeologist began the quest for the
                  | Orb.
     0 | D:1      | Reached XP level 1. HP: 18/18 MP: 0/0
   242 | D:1      | Reached XP level 2. HP: 23/26 MP: 1/1
   372 | D:1      | Reached skill level 1 in Fighting
   816 | D:2      | Reached XP level 3. HP: 24/33 MP: 2/2
   891 | D:2      | Reached skill level 3 in Dodging
  1260 | D:2      | Found a runed door.
  1474 | D:3      | HP: 1/33 [orc/+0 war axe (8)]
  1476 | D:3      | Reached skill level 1 in Unarmed Combat
  1476 | D:3      | Gained mutation: Your natural rate of healing is unusually
                  | fast. [Troll growth]
  1476 | D:3      | Reached XP level 4. HP: 1/41 MP: 3/3
  1499 | D:3      | Slain by an orc

Skill      XL: |  1  2  3 |
---------------+----------+-----
Fighting       | 1 |  1.1
Dodging        | 3 |  3.1
Unarmed Combat | 1 |  1.4
Maces & Flails | |  1.0
Throwing       | |  0.7
Stealth        | |  1.9
Spellcasting   | |  0.4
Evocations     | |  0.5

Action                   |  1- 3 |  4- 6 || total
-------------------------+-------+-------++-------
Melee: Unarmed           |    86 |     3 ||    89
Throw: Stone             |     8 |     4 ||    12
  Use: Scroll            |     1 |       ||     1
       Potion            |       |     1 ||     1
 Stab: Sleeping          |     4 |       ||     4
  Eat: Chunk             |    16 |       ||    16
Armor: Skin              |    24 |     1 ||    25
Dodge: Dodged            |    38 |       ||    38
